 Dungeon Sprint DCSS version 0.17-a0-1674-g2b13139 (webtiles) character file.

72 Kidiri the Sneak (level 4, -8/21 HPs)
             Began as a Spriggan Enchanter on Aug 18, 2015.
             Mangled by a water elemental (17 damage)
             ... in the Dungeon (Sprint III: "The Ten Rune Challenge").
             The game lasted 00:03:02 (799 turns).

Kidiri the Sneak (Spriggan Enchanter)                Turns: 799, Time: 00:03:02

Health: -8/21      AC:  4    Str:  6    XL:     4   Next: 6%
Magic:  3/12       EV: 22    Int: 16    God:
Gold:   23         SH:  0    Dex: 17    Spells: 5 memorised, 2 levels left

rFire  . . .     SeeInvis +     a - +1 dagger
rCold  . . .     Clarity  +     b - +1 robe
rNeg   . . .     SustAt   .     (shield restricted)
rPois  .         Gourm    .     (helmet restricted)
rElec  .         Spirit   .     (no cloak)
rCorr  .         Warding  .     (gloves unavailable)
rMut   .         NoTele   +     (boots unavailable)
MR     +....                    (no amulet)
Stlth  ++++......               (no ring)
                                (no ring)

@: very slightly contaminated, very quick, somewhat resistant to hostile
enchantments, stealthy
A: unfitting armour, icy blue scales 1, see invisible, clarity, herbivore 3,
speed 3, magic resistance 1, slow metabolism 2, strong 1, subdued magic 1,
MP-powered wands
a: no special abilities


You were in the Dungeon.
You were not hungry.

You visited 1 branch You collected 23 gold pieces.

Inventory:

Hand weapons
 a - a +1 dagger (weapon)
Armour
 b - a +1 robe (worn)
Scrolls
 j - a scroll of blinking
 n - 3 scrolls of remove curse
Potions
 e - 2 potions of curing
 f - a potion of heal wounds
 g - a potion of haste
 h - 2 potions of magic
 i - a potion of berserk rage
 o - 2 potions of cure mutation
 p - a potion of brilliance {unknown}
 t - a potion of flight {unknown}
Comestibles
 d - a bread ration
 s - a royal jelly


   Skills:
 + Level 3.1 Short Blades
 * Level 6.2 Dodging
 * Level 7.6 Stealth
 * Level 5.5 Spellcasting
 + Level 0.0 Conjurations
 + Level 4.8 Hexes
 + Level 0.0 Ice Magic


You had 2 spell levels left.
You knew the following spells:

 Your Spells              Type           Power        Failure   Level  Hunger
a - Corona                Hex            ##.....      1%          1    None
b - Ensorcelled Hibernat  Hex/Ice        #.....       4%          2    #......
c - Confuse               Hex            ##......     3%          3    ###....
d - Tukima's Dance        Hex            ##......     3%          3    ###....
e - Dazzling Spray        Conj/Hex       #.......     9%          3    ###....


Dungeon Overview and Level Annotations

Branches:
Dungeon (1/1)

Altars:


Innate Abilities, Weirdness & Mutations

You are tiny and cannot use many weapons and most armour.
You have supernaturally acute eyesight.
You are a herbivore.
You cover ground extremely quickly.
You need consume almost no food.
You are partially covered in icy blue scales (AC +1).
You possess an exceptional clarity of mind.
You are resistant to hostile enchantments.
Your muscles are strong. (Str +2)
Your spells are a little easier to cast, but a little less powerful.
You expend magic power (3 MP) to strengthen your wands.


Message History

The spray of energy hits the water elemental.
The water elemental is heavily damaged.
Casting: Dazzling Spray
Confirm with . or Enter, or press ? or * to list all spells.
Aiming: Dazzling Spray
Press: ? - help, Shift-Dir - straight line, f/p - water elemental
Aim: a water elemental (heavily damaged)
The spray of energy hits the water elemental.
The water elemental is heavily damaged.
Casting: Dazzling Spray
Confirm with . or Enter, or press ? or * to list all spells.
Aiming: Dazzling Spray
Press: ? - help, Shift-Dir - straight line, f/p - water elemental
Aim: a water elemental (water, heavily damaged)
You miscast Dazzling Spray.
You are very lightly contaminated with residual magic.
Sparks fly from your hands! The water elemental hits you!
Ouch! That really hurt!
You die...

▓.....#....≈♣♣♣♣..###+#+###
▓.....#...≈≈♣♣....#........
▓....(#..≈≈≈≈..♣..'.⌠......
▓####'#..≈≈≈≈≈≈.♣.#...#####
▓.....#.≈≈≈≈≈≈....#.⌠.#
▓...[.#.≈≈≈≈≈.....#...#
▓.....#.≈≈≈.......#+###
▓'#####....E......#
▓...........@.....#
▓▓▓▓▓▓▓▓▓▓▓▓▓▓▓▓▓▓▓


You could see a water elemental.

Vanquished Creatures
  Jessica (D)
  A wolf (D)
  A human (D)
  An ooze (D)
  2 rats (D)
6 creatures vanquished.

Vanquished Creatures (others)
  2 draconian scorchers (D)
  A yaktaur (D)
  3 plants (D)
6 creatures vanquished.

Grand Total: 12 creatures vanquished

Notes
Turn   | Place    | Note
--------------------------------------------------------------
     0 | D        | Kidiri the Spriggan Enchanter began the quest for the Orb.
     0 | D        | Reached XP level 1. HP: 9/9 MP: 5/5
     7 | D        | Reached skill level 5 in Stealth
    81 | D        | Killed a yaktaur
   109 | D        | Noticed Jessica
   112 | D        | Killed Jessica
   112 | D        | Reached skill level 5 in Dodging
   112 | D        | Reached skill level 6 in Stealth
   112 | D        | Reached XP level 2. HP: 13/13 MP: 5/8
   112 | D        | Reached XP level 3. HP: 16/16 MP: 6/10
   125 | D        | Learned a level 2 spell: Ensorcelled Hibernation
   129 | D        | Learned a level 3 spell: Confuse
   133 | D        | Learned a level 3 spell: Tukima's Dance
   209 | D        | Noticed a wolf
   216 | D        | Killed a wolf
   216 | D        | Reached skill level 7 in Stealth
   216 | D        | Reached skill level 5 in Spellcasting
   229 | D        | Reached XP level 4. HP: 21/21 MP: 2/12
   259 | D        | Learned a level 3 spell: Dazzling Spray
   279 | D        | Killed a white draconian scorcher
   313 | D        | Gained mutation: You are partially covered in icy blue scales (AC +1). [potion of mutation]
   313 | D        | Gained mutation: Your muscles are strong. (Str +2) [potion of mutation]
   313 | D        | Gained mutation: You possess an exceptional clarity of mind. [potion of mutation]
   314 | D        | Gained mutation: You are resistant to hostile enchantments. [potion of mutation]
   314 | D        | Gained mutation: Your spells are a little easier to cast, but a little less powerful. [potion of mutation]
   314 | D        | Gained mutation: You expend magic power (3 MP) to strengthen your wands. [potion of mutation]
   328 | D        | Killed a white draconian scorcher
   476 | D        | Noticed a water elemental
   799 | D        | Mangled by a water elemental

Vault maps used:
D:        dungeon_sprint_mu

Action                   |  1- 3 |  4- 6 || total
-------------------------+-------+-------++-------
Melee: Dagger            |    14 |     4 ||    18
 Cast: Ensorcelled Hiber |     3 |       ||     3
       Confuse           |     1 |       ||     1
       Dazzling Spray    |       |     9 ||     9
  Use: Scroll            |       |     4 ||     4
       Potion            |       |     2 ||     2
 Stab: Sleeping          |     3 |       ||     3
